 Dungeon Crawl Stone Soup version 0.20.0-15-g7f486f2 (webtiles) character file.

737 renl the Cleaver (level 7, 0/62 HPs)
             Began as a Hill Orc Monk on June 25, 2017.
             Slain by a mummy (15 damage)
             ... in an ossuary.
             The game lasted 00:13:14 (3017 turns).

renl the Cleaver (Hill Orc Monk)                    Turns: 3017, Time: 00:13:14

Health: 0/62       AC: 10    Str: 16    XL:     7   Next: 75%
Magic:  16/16      EV:  7    Int: 10    God:
Gold:   173        SH:  0    Dex: 13    Spells: 6/6 levels left

rFire    . . .     SeeInvis .   a - +0 hand axe
rCold    . . .     Gourm    .   (no shield)
rNeg     . . .     Faith    .   w - +0 chain mail
rPois    .         Spirit   .   (no helmet)
rElec    .         Reflect  .   (no cloak)
rCorr    .         Harm     .   (no gloves)
MR       .....                  r - +0 pair of boots
Stlth    ..........             (no amulet)
Regen    0.2/turn               l - ring of magical power
MPRegen  0.2/turn               (no ring)

@: no status effects
A: no striking features
a: no special abilities


You were in an ossuary.
You were near starving.

You visited 1 branch of the dungeon, and saw 4 of its levels.
You also visited: Ossuary.

You collected 173 gold pieces.

Inventory:

Hand Weapons
 a - a +0 hand axe (weapon)
Missiles
 p - 5 tomahawks (quivered)
Armour
 r - a +0 pair of boots (worn)
 w - a +0 chain mail (worn)
Jewellery
 l - a ring of magical power (left hand)
Scrolls
 f - 8 scrolls of remove curse {unknown}
 j - 5 scrolls of identify {unknown}
 k - a scroll of enchant weapon {unknown}
 m - a scroll of noise {unknown}
 n - a scroll of blinking {unknown}
 t - a scroll of recharging {unknown}
 u - a scroll of magic mapping {unknown}
 x - a scroll of teleportation {unknown}
 y - a scroll of fear {unknown}
Potions
 b - a potion of resistance {unknown}
 e - a potion of cancellation {unknown}
 g - 2 potions of might
 i - a potion of berserk rage {unknown}
 s - a potion of haste
 v - a potion of agility
Comestibles
 c - 2 bread rations
 d - 2 royal jellies
 h - 3 fruits
 q - 5 meat rations


   Skills:
 * Level 5.9 Fighting
 * Level 9.6 Axes
 + Level 2.9 Armour
 - Level 2.4 Dodging
 - Level 1.5 Stealth


You had 6 spell levels left.
You didn't know any spells.

Dungeon Overview and Level Annotations

Branches:
Dungeon (4/15)
 Temple: D:4-7

Altars:
Elyvilon
Gozag
Qazlal
Ru


Message History

The mummy is moderately damaged.
You hit the mummy.
The mummy is severely damaged.
A poisoned needle hits the mummy, but does no damage!
You hit the mummy.
The mummy is almost destroyed.
You hit the mummy but do no damage.
The mummy is almost destroyed.
You hit the mummy. The mummy hits you!
You hit the mummy but do no damage.
The mummy is almost destroyed.
You hit the mummy. The mummy hits you.
* * * LOW HITPOINT WARNING * * *
You hit the mummy.
You destroy the mummy!
You hit the mummy.
Your chain mail prevents you from hitting the mummy.
The mummy is moderately damaged.
The mummy hits you!
You die...

##### ### #######
#.^@# #?!!!#...#..
#..^M.∩.+!()!#.∩.'.^
#..^#...#!!!!#...#..
#..^####### #####.^
#.^.# #.^ ##'## ##'
#...# #.. #...# #..
#...# #..


You could see a mummy.

Vanquished Creatures
  2 water moccasin zombies (Ossuary)
  3 elf skeletons (D:4)
  2 human zombies (D:4)
  2 orc priests (D:4)
  4 orc wizards
  3 big kobold zombies (Ossuary)
  A mummy (Ossuary)
  3 adders
  An ooze (D:4)
  4 adder zombies (Ossuary)
  3 worms
  A dart slug (D:3)
  3 leopard geckos
  13 orcs
  2 ball pythons
  9 bats
  5 giant cockroaches
  10 goblins
  4 hobgoblins
  5 jackals
  10 frilled lizards
  3 gnoll zombies (Ossuary)
  8 hobgoblin zombies (Ossuary)
  4 kobolds
  7 kobold zombies (Ossuary)
  An orc skeleton (D:4)
  4 orc zombies (Ossuary)
  4 rats (D:1)
121 creatures vanquished.

Notes
Turn   | Place    | Note
-------+----------+-------------------------------------------
     0 | D:1      | renl the Hill Orc Monk began the quest for the Orb.
     0 | D:1      | Reached XP level 1. HP: 19/19 MP: 1/1
   137 | D:1      | Reached XP level 2. HP: 23/27 MP: 2/2
   308 | D:1      | Reached skill level 5 in Axes
   365 | D:1      | Reached XP level 3. HP: 11/33 MP: 3/3
  1254 | D:3      | Found a sacrificial altar of Ru.
  1282 | D:3      | Found a white marble altar of Elyvilon.
  1289 | D:3      | Reached XP level 4. HP: 39/40 MP: 4/4
  1511 | D:3      | Found a stormy altar of Qazlal.
  1516 | D:3      | Reached skill level 6 in Axes
  1736 | D:3      | HP: 2/41 [poisoned by an orc wizard]
  1742 | D:3      | Reached skill level 1 in Armour
  1742 | D:3      | Reached XP level 5. HP: 21/47 MP: 5/5
  2017 | D:4      | Found an opulent altar of Gozag.
  2053 | D:4      | Reached skill level 7 in Axes
  2347 | D:4      | Reached skill level 5 in Fighting
  2347 | D:4      | Reached XP level 6. HP: 56/56 MP: 6/6
  2475 | D:4      | Reached skill level 8 in Axes
  2523 | D:4      | Reached XP level 7. HP: 9/61 MP: 7/7
  2525 | D:4      | Found a sand-covered staircase.
  2545 | Ossuary  | Entered an ossuary
  2882 | Ossuary  | Reached skill level 9 in Axes
  3017 | Ossuary  | Slain by a mummy

Skill      XL: |  1  2  3  4  5  6  7 |
---------------+----------------------+-----
Fighting       | 4 5 |  5.9
Axes           | 5 6 7 8 9 |  9.6
Armour         | 1 2 |  2.9
Dodging        | |  2.4
Stealth        | |  1.5

Action                   |  1- 3 |  4- 6 |  7- 9 || total
-------------------------+-------+-------+-------++-------
Melee: Hand axe          |   147 |   231 |   196 ||   574
  Use: Potion            |       |     8 |       ||     8
 Stab: Sleeping          |     1 |     1 |       ||     2
  Eat: Chunk             |     1 |     5 |       ||     6
Armor: Robe              |    16 |       |       ||    16
       Ring mail         |    39 |     7 |       ||    46
       Chain mail        |       |   105 |    71 ||   176
Dodge: Dodged            |   136 |    77 |    31 ||   244
